 Dungeon Crawl Stone Soup version 0.20.1-1-g8b1a95d (webtiles) character file.

12730 Linguinho the Protected (level 11, 0/78 (81) HPs)
             Began as a Demonspawn Assassin on Oct 29, 2017.
             Was a High Priest of Trog.
             Killed from afar by an electric eel (7 damage)
             ... with a bolt of electricity
             ... on level 11 of the Dungeon on Oct 30, 2017.
             The game lasted 00:34:33 (11752 turns).

Linguinho the Protected (Demonspawn Assassin)      Turns: 11752, Time: 00:34:34

HP:   0/78 (81)     AC: 21    Str: 12    XL:     11   Next: 66%
MP:   20/20         EV:  4    Int: 20    God:    Trog [*****.]
Gold: 544           SH: 11    Dex: 19    Spells: 10/10 levels left

rFire    . . .     SeeInvis .   Q - +3 long sword
rCold    . . .     Gourm    .   n - +0 shield
rNeg     . . .     Faith    .   b - +1 plate armour "Abrugig" {Int+6 Dex+3}
rPois    .         Spirit   .   (no helmet)
rElec    .         Reflect  .   d - +0 cloak
rCorr    +         Harm     .   L - +0 pair of gloves
MR       .....                  (boots unavailable)
Stlth    ..........             (no amulet)
Regen    0.3/turn               j - ring of resist corrosion
MPRegen  0.2/turn               C - ring of magical power

@: no status effects
A: talons 3, thin metallic scales 2, demonic guardian 1, spiny 1
a: Berserk, Trog's Hand, Brothers in Arms, Burn Spellbooks, Renounce Religion


You were on level 11 of the Dungeon.
You worshipped Trog.
Trog was extremely pleased with you.
You were not hungry.

You visited 1 branch of the dungeon, and saw 11 of its levels.
You also visited: Sewer and Ossuary.

You collected 544 gold pieces.

Inventory:

Hand Weapons
 Q - a +3 long sword (weapon)
Missiles
 e - 67 poisoned needles
 f - 2 curare-tipped needles
 J - 4 tomahawks of returning (quivered)
 P - 6 javelins of returning
Armour
 b - the +1 plate armour "Abrugig" (worn) {Int+6 Dex+3}
   (You found it on level 4 of the Dungeon)

   It affects your intelligence (+6).
   It affects your dexterity (+3).
 d - a +0 cloak (worn)
 n - a +0 shield (worn)
 L - a +0 pair of gloves (worn)
Jewellery
 j - a ring of resist corrosion (left hand)
 C - a ring of magical power (right hand)
Wands
 i - a wand of flame (10/48)
 l - a wand of clouds (3/9)
 s - a wand of enslavement (7/24)
 v - a wand of acid (7/15)
 O - a wand of lightning (8/15)
 R - a wand of enslavement (16/24)
Scrolls
 a - 6 scrolls of remove curse
 k - 4 scrolls of teleportation
 q - 3 scrolls of enchant armour
 w - 2 scrolls of immolation
 F - a scroll of blinking
 G - a scroll of fog
 I - 3 scrolls of identify
 K - 2 scrolls of enchant weapon {unknown}
 N - a scroll of vulnerability {unknown}
 S - a scroll of amnesia {unknown}
 T - a scroll of recharging {unknown}
Potions
 c - 3 potions of lignification
 h - 4 potions of might
 o - a potion of cancellation {unknown}
 p - 3 potions of heal wounds
 r - 3 potions of invisibility {unknown}
 t - 4 potions of curing {unknown}
 u - 2 potions of agility {unknown}
 x - 3 potions of berserk rage
 A - 4 potions of flight {unknown}
 B - 4 potions of haste {unknown}
 D - a potion of brilliance {unknown}
 H - 2 potions of mutation {unknown}
Books
 y - a book of Geomancy

   Spells                             Type                      Level
   a - Sandblast                      Earth                        1
   b - Passwall                       Transmutation/Earth          2
   c - Stone Arrow                    Conjuration/Earth            3
   d - Petrify                        Transmutation/Earth          4
   e - Lee's Rapid Deconstruction     Earth                        5
   Trog disapproves of the use of such an item.
 M - a book of Power

   Spells                             Type                      Level
   a - Iskenderun's Battlesphere      Conjuration/Charms           5
   b - Venom Bolt                     Conjuration/Poison           5
   c - Bolt of Magma                  Conjuration/Fire/Earth       5
   d - Iron Shot                      Conjuration/Earth            6
   e - Orb of Destruction             Conjuration                  7
   f - Spellforged Servitor           Conjuration/Summoning        7
   Trog disapproves of the use of such an item.
Comestibles
 g - 6 bread rations
 m - 4 meat rations
 z - 4 fruits
 E - 6 royal jellies


   Skills:
 + Level 6.0 Fighting
   Level 3.4(6.6) Short Blades
 + Level 8.8(9.2) Long Blades
 - Level 1.7 Throwing
 * Level 9.2 Armour
 + Level 2.9 Dodging
 - Level 5.3 Stealth
 * Level 8.8 Shields


You had 10 spell levels left.
You didn't know any spells.

Dungeon Overview and Level Annotations

Branches:
Dungeon (11/15)            Temple (0/1) D:5            Lair (0/6) D:11
    Orc (0/2) D:11

Altars:
Cheibriados
Dithmenos
Makhleb
Trog
Uskayaw
Vehumet
Xom
Yredelemnul

Shops:
D:7 %   D:9 }


Innate Abilities, Weirdness & Mutations

You have claws for feet.
You are mostly covered in thin metallic scales. (AC +3)
A weak demonic guardian rushes to your aid.
You are partially covered in sharp spines.


Message History

You closely miss the electric eel. Your kick misses the electric eel.
The electric eel is severely wounded.
You miss the electric eel.
You claw the electric eel, but do no damage.
The electric eel is severely wounded.
The electric eel shoots out a bolt of lightning at you!
The bolt of electricity hits you!
You slash the electric eel!
You kill the electric eel!
Trog accepts your kill.
You hear a splash.
The electric eel shoots out a bolt of lightning at you!
The bolt of electricity hits you!
* * * LOW HITPOINT WARNING * * *
The electric eel shoots out a bolt of lightning at you!
The bolt of electricity hits you!
* * * LOW HITPOINT WARNING * * *
The electric eel shoots out a bolt of lightning at you!
The bolt of electricity hits you!
You die...

###########
##################.........#
#.............@............#
###.≈≈≈≈≈.≈≈≈≈≈.≈≈≈≈≈.≈≈≈≈≈..#
....≈###≈.≈###≈.≈###≈.≈###≈..#
....≈# #≈.≈# #≈.≈# #≈.≈# #≈..#
....≈###≈.≈###≈.≈###≈.≈###≈..#
##..≈≈≈≈≈.;≈≈≈≈.≈≈≈≈≈.≈≈≈≈≈..#
###..........................#
##..≈≈≈≈≈.;≈≈;≈.≈≈≈≈≈.≈≈≈≈≈..#
....≈###≈.≈## ≈.≈###≈.≈###≈..#


You could see an electric eel.

Vanquished Creatures
  3 two-headed ogres
  An unseen horror (D:11)
  2 centaur skeletons
  A troll (D:9)
  3 hogs (D:7)
  2 shadows (D:11)
  A wyvern (D:8)
  2 wraiths (D:8)
  A yak (D:7)
  A human (D:7)
  3 hungry ghosts
  Grum (D:8)
  3 orc warriors
  2 hell hounds (D:11)
  3 necrophages
  3 sky beasts
  A black bear (D:10)
  3 ice beasts
  3 phantoms
  3 wolves (D:8)
  6 ogres
  3 centaurs
  A crocodile (D:9)
  A big kobold (D:10)
  A gnoll sergeant (D:11)
  8 bullfrogs
  6 water moccasin zombies (Ossuary)
  3 scorpions
  11 killer bees
  A troll skeleton (D:8)
  9 wights
  4 howler monkeys
  3 electric eels (D:11)
  3 crimson imps
  A bullfrog zombie (D:7)
  2 human zombies (D:8)
  5 jellies
  5 orc wizards
  2 orc priests
  6 hounds
  3 iguanas
  Ijyb (D:4)
  3 bullfrog skeletons
  8 worker ants
  A killer bee zombie (D:7)
  2 big kobold zombies (Ossuary)
  3 hound zombies
  A hound skeleton (D:5)
  3 mummies
  A worker ant zombie (D:5)
  6 gnolls
  A howler monkey skeleton (D:6)
  13 adders
  4 shadow imps
  3 oozes
  6 adder zombies
  2 adder skeletons (D:7)
  3 worms
  3 dart slugs
  11 leopard geckos
  36 orcs
  A ball python (D:1)
  7 giant cockroaches
  4 gnoll zombies (Ossuary)
  9 goblins
  8 hobgoblins
  11 jackals
  4 quokkas
  12 bats
  5 frilled lizards
  2 hobgoblin zombies (Ossuary)
  A jackal zombie (D:6)
  10 kobolds
  3 kobold zombies (Ossuary)
  3 orc zombies (Ossuary)
  A quokka skeleton (D:6)
  4 rats
322 creatures vanquished.

Vanquished Creatures (collateral kills)
  A two-headed ogre (D:11)
  A wyvern (D:8)
  A wraith (D:8)
  Menkaure (D:7)
  A water moccasin (D:7)
  A necrophage (D:8)
  A phantom (D:6)
  A crocodile (Sewer)
  An ogre (D:5)
  A scorpion (D:4)
  2 wights (D:8)
  A howler monkey (D:8)
  An orc priest (D:10)
  2 adders
  An adder zombie (Ossuary)
  2 jackals (D:4)
  A hobgoblin zombie (Ossuary)
20 creatures vanquished.

Grand Total: 342 creatures vanquished

Notes
Turn   | Place    | Note
-------+----------+-------------------------------------------
     0 | D:1      | Linguinho the Demonspawn Assassin began the quest for the Orb.
     0 | D:1      | Reached XP level 1. HP: 16/16 MP: 1/1
    64 | D:1      | Gained mutation: You have sharp toenails. [demonic ancestry]
    64 | D:1      | Reached XP level 2. HP: 6/22 MP: 2/2
   530 | D:1      | Gained mutation: You are partially covered in thin metallic scales. (AC +2) [demonic ancestry]
   530 | D:1      | Reached XP level 3. HP: 25/27 MP: 3/3
  1026 | D:1      | Reached skill level 1 in Dodging
  1587 | D:2      | Found a burning altar of Makhleb.
  1680 | D:2      | Reached skill level 1 in Armour
  1680 | D:2      | Gained mutation: A weak demonic guardian rushes to your aid. [demonic ancestry]
  1680 | D:2      | Reached XP level 4. HP: 21/33 MP: 4/4
  1958 | D:3      | Noticed a hungry ghost
  1968 | D:3      | Killed a hungry ghost
  1968 | D:3      | Reached skill level 5 in Stealth
  1968 | D:3      | Reached XP level 5. HP: 39/39 MP: 5/5
  2187 | D:3      | Found a glowing drain.
  2191 | Sewer    | Entered a sewer
  2221 | Sewer    | Noticed a crocodile
  2237 | Sewer    | Killed a crocodile
  2237 | Sewer    | Reached skill level 2 in Armour
  2237 | Sewer    | Gained mutation: You are mostly covered in thin metallic scales. (AC +3) [demonic ancestry]
  2237 | Sewer    | Reached XP level 6. HP: 20/46 MP: 6/6
  2488 | D:3      | Reached skill level 1 in Shields
  2490 | D:3      | Found a bloodstained altar of Trog.
  2545 | D:3      | Became a worshipper of Trog the Wrathful
  3517 | D:4      | Got a faintly glowing plate armour
  3528 | D:4      | Identified the +1 plate armour "Abrugig" {Int+6 Dex+3} (You found it on level 4 of the Dungeon)
  3557 | D:4      | Reached skill level 1 in Long Blades
  3689 | D:4      | Noticed Ijyb
  3704 | D:4      | Killed Ijyb
  3855 | D:4      | Gained mutation: You have razor-sharp toenails. [demonic ancestry]
  3855 | D:4      | Reached XP level 7. HP: 51/51 MP: 7/7
  4194 | D:5      | Entered Level 5 of the Dungeon
  4209 | D:5      | Found a staircase to the Ecumenical Temple.
  4257 | D:5      | Found a hide-covered altar of Uskayaw.
  4290 | D:5      | Found a snail-covered altar of Cheibriados.
  4307 | D:5      | Reached skill level 3 in Armour
  4493 | D:5      | Found a sand-covered staircase.
  4505 | D:5      | Reached * piety under Trog
  4513 | Ossuary  | Entered an ossuary
  4572 | Ossuary  | Gained mutation: You have claws for feet. [demonic ancestry]
  4572 | Ossuary  | Reached XP level 8. HP: 24/58 MP: 8/8
  4815 | Ossuary  | Reached skill level 4 in Armour
  4852 | Ossuary  | Reached ** piety under Trog
  5110 | D:5      | Found a radiant altar of Vehumet.
  5674 | D:6      | Reached skill level 5 in Shields
  5911 | D:6      | Reached XP level 9. HP: 60/64 MP: 9/9
  6072 | D:7      | Reached skill level 5 in Long Blades
  6080 | D:7      | Reached *** piety under Trog
  6381 | D:7      | Reached skill level 5 in Armour
  6415 | D:7      | Noticed Menkaure
  6422 | D:7      | Killed Menkaure
  6658 | D:7      | Found a shadowy altar of Dithmenos.
  6699 | D:7      | Received a gift from Trog
  6701 | D:7      | Found a shadowy altar of Dithmenos.
  6783 | D:7      | Found Tubrulo's Food Shoppe.
  6986 | D:7      | Reached skill level 6 in Armour
  7189 | D:8      | Noticed a two-headed ogre
  7195 | D:8      | Killed a two-headed ogre
  7195 | D:8      | Gained mutation: You are partially covered in sharp spines. [demonic ancestry]
  7195 | D:8      | Reached XP level 10. HP: 72/72 MP: 10/10
  7305 | D:8      | Received a gift from Trog
  7473 | D:8      | Found a shimmering altar of Xom.
  7475 | D:8      | Noticed Grum
  7493 | D:8      | Killed Grum
  7533 | D:8      | Noticed a two-headed ogre
  7542 | D:8      | Killed a two-headed ogre
  7542 | D:8      | Reached skill level 7 in Armour
  7717 | D:8      | Found a basalt altar of Yredelemnul.
  7841 | D:8      | Reached **** piety under Trog
  7910 | D:8      | Found a snail-covered altar of Cheibriados.
  8368 | D:8      | Reached skill level 5 in Fighting
  8646 | D:9      | Reached skill level 8 in Armour
  8836 | D:9      | Reached XP level 11. HP: 77/77 MP: 11/11
  9026 | D:9      | Noticed a two-headed ogre
  9038 | D:9      | Killed a two-headed ogre
  9688 | D:9      | Found Askeohaj's Quality Used Wands.
  9858 | D:10     | Entered Level 10 of the Dungeon
 10068 | D:10     | Reached ***** piety under Trog
 10766 | D:11     | Found a staircase to the Lair.
 10855 | D:11     | Received a gift from Trog
 10892 | D:11     | Found a staircase to the Orcish Mines.
 10894 | D:11     | Killed an unseen horror
 10894 | D:11     | Reached skill level 9 in Armour
 11065 | D:11     | Noticed a two-headed ogre
 11072 | D:11     | Killed a two-headed ogre
 11752 | D:11     | Killed from afar by an electric eel

Skill      XL: |  1  2  3  4  5  6  7  8  9 10 11 |
---------------+----------------------------------+-----
Stealth        | 4 5 |  5.3
Short Blades   | 2 3 |  3.4
Dodging        | 1 2 |  2.9
Armour         | 1 2 3 4 6 8 9 |  9.2
Shields        | 2 3 5 6 8 |  8.8
Long Blades    | 1 2 4 6 7 8 |  8.8
Fighting       | 3 4 5 6 |  6.0
Throwing       | |  1.7

Action                   |  1- 3 |  4- 6 |  7- 9 | 10-12 || total
-------------------------+-------+-------+-------+-------++-------
Melee: Dagger            |   194 |   160 |       |       ||   354
       Kick              |    27 |    55 |   186 |   195 ||   463
       Long sword        |       |    73 |   494 |    96 ||   663
       Falchion          |       |       |    37 |   425 ||   462
Throw: Tomahawk          |       |       |    15 |    12 ||    27
       Javelin           |       |       |       |    19 ||    19
Invok: Berserk           |       |       |     4 |    12 ||    16
  Use: Scroll            |       |     8 |     3 |       ||    11
       Potion            |       |       |     1 |       ||     1
 Stab: Sleeping          |     8 |       |       |       ||     8
       Distracted        |       |       |     4 |     1 ||     5
  Eat: Chunk             |     1 |     3 |     8 |    10 ||    22
       Bread ration      |       |     2 |     1 |     5 ||     8
       Fruit             |       |       |     4 |     1 ||     5
       Royal jelly       |       |       |       |     1 ||     1
Armor: Robe              |    11 |       |       |       ||    11
       Chain mail        |    82 |   176 |       |       ||   258
       Plate armour      |       |    34 |   391 |   268 ||   693
Dodge: Dodged            |    26 |    25 |    30 |    58 ||   139
Block: Shield            |    26 |    85 |   289 |   233 ||   633
       Rpst.: Long sword |       |     1 |     8 |     2 ||    11
       Falchion          |       |       |     5 |    11 ||    16
